 Dungeon Crawl Stone Soup version 0.31-a0-978-g1e143483b6 (webtiles) character file.

Game seed: 15508722916336240331

2837 gelatine the Cleaver (level 9, -8/68 (69) HPs)
             Began as a Demonspawn Gladiator on Oct 31, 2023.
             Mangled by a skeletal warrior
             ... wielding a +0 flail
              (12 damage)
             ... on level 8 of the Dungeon.
             The game lasted 00:21:09 (7071 turns).

gelatine the Cleaver (Demonspawn Gladiator)         Turns: 7071, Time: 00:21:10

HP:   -8/68 (69)    AC: 19    Str: 20    XL:     9   Next: 45%
MP:   0/9           EV:  8    Int:  9    God:
Gold: 69            SH: 10    Dex: 14    Spells: 8/8 levels left

rFire   + + .        Q - +3 war axe (flame)
rCold   . . .        x - +1 kite shield of Yesterday {Stlth+}
rNeg    . . .        N - +2 chain mail {rF+}
rPois   .            c - +0 helmet
rElec   .            B - +0 cloak
rCorr   .            h - +0 pair of gloves
SInv    .            z - +0 pair of boots
Will    .....        (no amulet) Stlth
                     g - ring of protection from fire
HPRegen 0.31/turn    E - +4 ring of protection
MPRegen 0.22/turn

%: guardian spirit
@: mighty, weak-willed, lightly drained
A: powered by death 1, magic shield, magic regeneration
a: no special abilities


You were on level 8 of the Dungeon.
You visited 2 branches of the dungeon, and saw 9 of its levels.

You collected 423 gold pieces.
You spent 354 gold pieces at shops.

Inventory:

Hand Weapons
 a - a +0 war axe
 Q - a +3 war axe of flaming (weapon)
Missiles
 d - a throwing net
 e - a javelin
 j - 21 poisoned darts
 u - 3 boomerangs
 I - 2 curare-tipped darts
 J - 6 stones (quivered)
Armour
 c - a +0 helmet (worn)
 h - a +0 pair of gloves (worn)
 i - a +0 buckler
 q - the +3 leather armour of the Maze {Will- Str+3 Int-3 Dex+7}
   (You found it on level 2 of the Dungeon)

   Str+3:     It affects your strength (+3).
   Int-3:     It affects your intelligence (-3).
   Dex+7:     It affects your dexterity (+7).
   Will-:     It decreases your willpower.
 x - the +1 kite shield of Yesterday (worn) {Stlth+}
   (You took it off a goblin on level 3 of the Dungeon)

   Stlth+:    It makes you more stealthy.
 z - a +0 pair of boots (worn)
 B - a +0 cloak (worn)
 N - a +2 chain mail of fire resistance (worn)
Magical Staves
 A - a staff of poison
 O - the staff of Regicide {rElec Dex+4 Stlth+ Air}
   (You found it on level 8 of the Dungeon)

   [staff of air]

   Base accuracy: +5 Base damage: 5 Base attack delay: 1.2 This weapon's minimum
   attack delay (0.6) is reached at skill level 12.
   Dex+4:     It affects your dexterity (+4).
   rElec:     It insulates you from electricity.
   Stlth+:    It makes you more stealthy.
   Air:       It increases the power of your Air spells.
   It falls into the 'Staves' category.
   It is a one-handed weapon.
Jewellery
 g - a ring of protection from fire (left hand)
 l - a ring of ice
 E - a +4 ring of protection (right hand)
 G - a ring of magical power
Talismans
 m - a granite talisman
Wands
 o - a wand of polymorph (18)
 r - a wand of flame (21)
 F - a wand of charming (3)
 M - a wand of mindburst (8)
Scrolls
 f - a scroll of noise
 w - a scroll of vulnerability
 y - a scroll of enchant weapon
 H - a scroll of enchant armour {unknown}
 L - a scroll of immolation {unknown}
Potions
 b - a potion of brilliance
 k - 2 potions of might
 n - 4 potions of curing
 t - 2 potions of haste
 v - 2 potions of cancellation
 C - a potion of berserk rage {unknown}
 D - a potion of enlightenment {unknown}
 K - 2 potions of degeneration {unknown}


   Skills:
 * Level 5.8 Fighting
 * Level 8.5 Axes
 + Level 3.0 Throwing
 * Level 2.4 Armour
 * Level 4.7 Dodging
 + Level 2.0 Stealth
 * Level 4.0 Shields
 + Level 0.2 Unarmed Combat


You had 8 spell levels left.
You didn't know any spells.
Your spell library contained the following spells:

 Spells                   Type           Power      Damage    Failure   Level
 Magic Dart               Conj           0%         1d3       100%        1
 Cigotuvi's Dreadful Rot  Necr/Pois/Air  0%         N/A       100%        2
 Searing Ray              Conj           0%         2d4       100%        2
 Dazzling Flash           Conj/Hex       0%         N/A       100%        3
 Ignite Poison            Fire/Tmut/Pois 0%         N/A       100%        3
 Fulminant Prism          Conj/Hex       0%         3d5       100%        4
 Agony                    Necr           0%         N/A       100%        5
 Freezing Cloud           Conj/Ice/Air   0%         6-21      100%        5
 Silence                  Hex/Air        0%         N/A       100%        5


Dungeon Overview and Level Annotations

Branches:
Dungeon (8/15)             Temple (1/1) D:7
   Lair: D:8-11

Altars:
Ashenzari
Cheibriados
Dithmenos
Fedhas
Hepliaklqana
Kikubaaqudgha
Makhleb
Nemelex Xobeh
Okawaru
Qazlal
Ru
Sif Muna
Trog
Uskayaw
Vehumet
Xom
Yredelemnul

Shops:
D:8 *

Annotations:
D:8 Amaemon


Innate Abilities, Weirdness & Mutations

You regenerate a little health from kills.
When hurt, damage is shared between your health and your magic reserves.
You regenerate magic rapidly.


Message History

The howler monkey hoots and howls with incredible vigour!
The skeletal warrior hits you with a +0 flail.
* * * LOW HITPOINT WARNING * * *
You hear a shout! x2
You feel better.
You block the skeletal warrior's attack.
You feel better.
The howler monkey hoots and howls with incredible vigour!
The skeletal warrior hits you with a +0 flail!
* * * LOW HITPOINT WARNING * * *
You hear an angry buzzing noise.
You feel better.
The skeletal warrior hits you but does no damage.
Unknown command.
You slash the skeletal warrior! You burn the skeletal warrior.
The skeletal warrior is moderately damaged.
The skeletal warrior hits you but does no damage.
You hit the skeletal warrior. You burn the skeletal warrior.
The skeletal warrior is moderately damaged.
The skeletal warrior hits you with a +0 flail!!
* * * LOW HITPOINT WARNING * * *
As you read the scroll labelled OMARUE VOASU, it crumbles to dust.
You hear a loud clanging noise!
It was a scroll of noise.
You hear a shout!
You block the skeletal warrior's attack.
As you read the scroll labelled NANUCI KEFIKLA, it crumbles to dust.
Magic quickly surges around you.
It was a scroll of vulnerability.
You block the skeletal warrior's attack.
As you read the scroll labelled ONNACO ELIESI, it crumbles to dust.
It is a scroll of enchant weapon.
Your +2 war axe of flaming glows red for a moment.
You block the skeletal warrior's attack.
The howler monkey hoots and howls with incredible vigour!
You hear a shout!
You hear an angry buzzing noise.
The air fills with toxic fumes!
As you read the scroll labelled XOEMUI HOMOEF, it crumbles to dust.
It was a scroll of poison.
The skeletal warrior hits you with a +0 flail!
You die...

#.# #.# #z# ##.##
#.#
##...########.#
#.....#.......#
#...##.#######
#.#.....#
#§########§#§§...#
#§§§§§@zzSh§§§...#
##########§#§§...#
#.#.....#
#.####### #.# #)#
########.#
####......#.#
#.........#.##


You could see 2 skeletal warriors, a water moccasin (weak-willed) and a howler
monkey (weak-willed).

Vanquished Creatures
  4 water moccasins
  2 black bears
  3 ice beasts
  3 ogres
  A centaur (D:5)
  2 phantoms (D:6)
  A kobold brigand (D:7)
  3 scorpions
  5 wights (D:8)
  4 howler monkeys
  3 hounds
  A jelly (D:5)
  2 orc priests (D:5)
  2 sleepcaps
  Jessica (D:2)
  3 orc wizards (D:5)
  Natasha (thrice) (D:2)
  4 iguanas
  10 adders
  3 gnolls (D:5)
  2 shadow imps (D:4)
  3 white imps
  5 ufetubi
  7 worms
  2 dart slugs (D:3)
  15 orcs
  9 endoplasms
  3 giant cockroaches
  3 goblins (D:3)
  10 hobgoblins
  3 jackals (D:2)
  5 quokkas
  5 ball pythons
  2 bats
  7 frilled lizards
  10 kobolds
  3 rats
  A spectral hobgoblin (D:1)
155 creatures vanquished.

Vanquished Creatures (others)
  A worm (D:4)
1 creature vanquished.

Grand Total: 156 creatures vanquished

Notes
Turn   | Place    | Note
-------+----------+-------------------------------------------
     0 | D:1      | gelatine the Demonspawn Gladiator began the quest for the
                  | Orb.
     0 | D:1      | Reached XP level 1. HP: 16/16 MP: 1/1
   381 | D:1      | Gained mutation: You regenerate magic rapidly. [demonic
                  | ancestry]
   381 | D:1      | Reached XP level 2. HP: 22/22 MP: 2/2
   382 | D:1      | Found a faded altar of an unknown god.
   859 | D:2      | Reached skill level 3 in Axes
   901 | D:2      | Reached XP level 3. HP: 26/28 MP: 3/3
  1014 | D:2      | Noticed Jessica
  1166 | D:2      | Killed Jessica
  1167 | D:2      | Gained mutation: You regenerate a little health from kills.
                  | [demonic ancestry]
  1167 | D:2      | Reached XP level 4. HP: 35/35 MP: 4/4
  1263 | D:2      | Noticed Natasha
  1269 | D:2      | Killed Natasha
  1286 | D:2      | Identified the +3 leather armour of the Maze {Will- Str+3
                  | Int-3 Dex+7}
  1372 | D:2      | Noticed Natasha
  1377 | D:2      | Killed Natasha
  1378 | D:2      | Reached skill level 4 in Axes
  1378 | D:2      | Reached XP level 5. HP: 41/41 MP: 5/5
  1714 | D:2      | Noticed Natasha
  1721 | D:2      | Killed Natasha
  1768 | D:3      | Noticed a water moccasin
  1793 | D:3      | Killed a water moccasin
  1794 | D:3      | Reached skill level 1 in Armour
  1794 | D:3      | Reached XP level 6. HP: 16/48 MP: 6/6
  2423 | D:3      | Identified the +1 kite shield of Yesterday {Stlth+}
  2785 | D:4      | Noticed a water moccasin
  2807 | D:4      | Killed a water moccasin
  2808 | D:4      | Reached skill level 5 in Axes
  3036 | D:4      | Reached XP level 7. HP: 48/54 MP: 7/7
  3096 | D:4      | Found a stormy altar of Qazlal.
  3117 | D:4      | Found a shimmering blue altar of Sif Muna.
  3228 | D:4      | Reached skill level 1 in Stealth
  3741 | D:5      | Entered Level 5 of the Dungeon
  3899 | D:5      | Reached skill level 1 in Shields
  4311 | D:5      | Gained mutation: When hurt, damage is shared between your
                  | health and your magic reserves. [demonic ancestry]
  4311 | D:5      | Reached XP level 8. HP: 47/61 MP: 8/8
  4445 | D:5      | Reached skill level 5 in Fighting
  4445 | D:5      | Reached skill level 6 in Axes
  4696 | D:5      | Found an ancient bone altar of Kikubaaqudgha.
  4945 | D:6      | Reached skill level 7 in Axes
  5129 | D:6      | Found a large runed translucent door.
  5130 | D:6      | Found a large runed translucent door.
  5143 | D:6      | Found a basalt altar of Yredelemnul.
  5161 | D:6      | Found a bloodstained altar of Trog.
  5170 | D:6      | Reached XP level 9. HP: 68/68 MP: 9/9
  5667 | D:7      | Found a broken altar of Ashenzari.
  5689 | D:7      | Reached skill level 8 in Axes
  5724 | D:7      | Found a hide-covered altar of Uskayaw.
  5843 | D:7      | Found a staircase to the Ecumenical Temple.
  5848 | Temple   | Entered the Ecumenical Temple
  6234 | D:8      | Identified the staff of Regicide {rElec Dex+4 Stlth+ Air}
  6621 | D:8      | Found a burning altar of Makhleb.
  6631 | D:8      | Found Beluced's General Store.
  6640 | D:8      | Bought a scroll of identify for 28 gold pieces
  6640 | D:8      | Bought a +2 war axe of flaming for 256 gold pieces
  6640 | D:8      | Bought a potion of heal wounds for 70 gold pieces
  6664 | D:8      | Noticed a skeletal warrior
  6664 | D:8      | Noticed a skeletal warrior
  6664 | D:8      | Noticed a skeletal warrior
  6679 | D:8      | HP: 1/67 [skeletal warrior/+0 flail (18)]
  6826 | D:8      | Noticed Amaemon
  6826 | D:8      | Noticed an orange demon
  6842 | D:8      | HP: 1/67 [poisoned by Amaemon]
  7067 | D:8      | HP: 3/68 [skeletal warrior/+0 flail (17)]
  7071 | D:8      | Mangled by a skeletal warrior

Illustrated notes

Levels and vault maps discovered:
D:1:      mrwooster_arrival_statue_3, layout_loops_ring,
          dreamdust_ecumenical_altar_drowned_temple
D:2:      minmay_angry_zag, layout_basic, basic_altar, uniq_jessica,
          uniq_natasha
D:3:      kb_forest_paths, layout_basic
D:4:      layout_rooms, grunt_qazlal_clouds, lemuel_tele_altar, serial_demonic,
          serial_demonic_a, serial_demonic_c, serial_demonic_g,
          serial_demonic_e, serial_demonic_g, serial_demonic_c
D:5:      minmay_octagon_keep, layout_basic, nicolae_kikubaaqudgha_miasma_corner
D:6:      layout_cave_pools, elyvilon_altar_1, jmf_multi_god_temple2
D:7:      layout_basic, mainiacjoe_overflow_alcove_1, mainiacjoe_overflow_paths,
          minmay_temple_entry_butterflies
D:8:      layout_loops_corners, nzn_wu_jian_contemplation,
          mainiacjoe_overflow_small_starburst, serial_shops, shop, uniq_amaemon
Temple:   nicolae_temple_ecumenical_triangle

Skill      XL: |  1  2  3  4  5  6  7  8  9 |
---------------+----------------------------+-----
Dodging        | 3 4 |  4.7
Axes           | 3 4 5 7 8 |  8.5
Fighting       | 3 4 5 |  5.8
Armour         | 1 2 |  2.4
Throwing       | 2 3 |  3.0
Stealth        | 1 2 |  2.0
Shields        | 1 3 4 |  4.0
Unarmed Combat | |  0.2

Action                     |  1- 3 |  4- 6 |  7- 9 || total
---------------------------+-------+-------+-------++-------
  Melee: War axe           |    68 |   178 |   339 ||   585
         Punch             |     2 |     1 |       ||     3
         Unarmed           |    11 |       |       ||    11
  Throw: Throwing net      |     2 |       |       ||     2
         Dart              |       |    23 |    10 ||    33
         Stone             |       |     7 |    75 ||    82
  Evoke: Wand              |       |       |     6 ||     6
    Use: Scroll            |       |       |    12 ||    12
         Potion            |       |       |     7 ||     7
   Stab: Sleeping          |       |     1 |     6 ||     7
 Armour: Leather armour    |     5 |    77 |   198 ||   280
         Ring mail         |    30 |    16 |       ||    46
         Skin              |     6 |       |       ||     6
         Chain mail        |       |       |    51 ||    51
  Dodge: Dodged            |    60 |   110 |   173 ||   343
  Block: Kite shield       |       |    28 |   204 ||   232

Table legend: (Time is in decaauts)
 A = Elapsed time spent in this place.
 B = Non-inter-level travel time spent in this place.
 C = Inter-level travel time spent in this place.
 D = Time resting spent in this place.
 E = Time spent auto-exploring this place.
 F = Levels seen in this place.
 G = Mean time per level.
                   A        B        C        D        E       F      G
               +--------+--------+--------+--------+--------+-----+--------+
         Total |   7271 |   6646 |    625 |      0 |   4786 |   9 |  807.9 |
       Dungeon |   7251 |   6626 |    625 |      0 |   4786 |   8 |  906.4 |
        Temple |     19 |     19 |      0 |      0 |      0 |   1 |   19.0 |
               +--------+--------+--------+--------+--------+-----+--------+

Top non-repeatable levels by time:
     D:3: 1325 daAuts
     D:5: 1242 daAuts
     D:2: 1105 daAuts
     D:8: 852 daAuts
     D:1: 810 daAuts
     D:6: 723 daAuts
     D:4: 601 daAuts
     D:7: 590 daAuts
  Temple: 19 daAuts
